 Dungeon Crawl Stone Soup version 0.22-a0-479-gc6e99f3 (webtiles) character file.

13503 Mgcat the Severer (level 11, -2/87 (88) HPs)
             Began as a Minotaur Berserker on June 14, 2018.
             Was a High Priest of Trog.
             Slain by a balrug
             ... wielding a +2 demon whip of draining
              (4 damage)
             ... on level 2 of the Abyss.
             The game lasted 00:24:05 (9757 turns).

Mgcat the Severer (Minotaur Berserker)              Turns: 9757, Time: 00:24:05

HP:   -2/87 (88)    AC: 22    Str: 23    XL:     11   Next: 76%
MP:   4/4           EV: 11    Int:  5    God:    Trog [*****.]
Gold: 661           SH:  0    Dex: 16    Spells: 10/10 levels left

rFire    x . .     SeeInvis .   w - +2 battleaxe (antimagic)
rCold    + . .     Gourm    .   (shield currently unavailable)
rNeg     . . .     Faith    .   y - +4 chain mail of Trial and Error {Regen+ Dex+5}
rPois    .         Spirit   .   (helmet restricted)
rElec    .         Reflect  .   (no cloak)
rCorr    .         Harm     .   z - +1 pair of gloves
MR       .....                  g - +2 pair of boots
Stlth    ..........             (no amulet)
HPRegen  0.00/turn              l - +3 ring of protection
MPRegen  0.09/turn              o - ring of ice {rC+, rF-}

@: about to teleport, berserk cooldown, non-regenerating, badly diseased,
slowed, drained, very slow
A: retaliatory headbutt, horns 2
a: Berserk, Trog's Hand, Brothers in Arms, Renounce Religion


You were on level 2 of the Abyss.
You worshipped Trog.
Trog was extremely pleased with you.
You were very hungry.

You visited 2 branches of the dungeon, and saw 12 of its levels.
You visited the Abyss 1 time.
You also visited: Volcano.

You collected 719 gold pieces.
You spent 58 gold pieces at shops.

Inventory:

Hand Weapons
 m - a +2 executioner's axe of chopping
   (Trog gifted it to you on level 10 of the Dungeon)
 w - a +2 antimagic battleaxe (weapon)
   (Trog gifted it to you on level 8 of the Dungeon)
Armour
 g - a +2 pair of boots (worn)
   (You found it on level 1 of the Dungeon)
 y - the +4 chain mail of Trial and Error (worn) {Regen+ Dex+5}
   (You found it on level 6 of the Dungeon)

   It affects your dexterity (+5).
   It increases your rate of regeneration.
 z - a +1 pair of gloves (worn)
   (You bought it in a shop on level 8 of the Dungeon)
Jewellery
 l - a +3 ring of protection (left hand)
   (You found it on level 9 of the Dungeon)
 o - a ring of ice (right hand) {rC+, rF-}
   (You found it on level 2 of the Dungeon)
Wands
 a - a wand of polymorph (9)
   (You found it on level 11 of the Dungeon)
 t - a wand of scattershot (1)
   (You took it off Ijyb on level 3 of the Dungeon)
 B - a wand of random effects (12)
   (You found it on level 8 of the Dungeon)
Scrolls
 b - 2 scrolls of blinking {!r}
 d - 3 scrolls of identify
 e - 2 scrolls of fog
 r - 4 scrolls of teleportation
 A - a scroll of remove curse
Potions
 f - a potion of mutation {!q}
 h - a potion of resistance
 i - 3 potions of haste
 j - 4 potions of curing
 k - a potion of agility
 n - a potion of lignification {!q}
 p - a potion of cancellation
 v - a potion of heal wounds
 C - 2 potions of degeneration {!q}
Comestibles
 c - 25 rations


   Skills:
 - Level 5.3(4.9) Fighting
 + Level 18.7(18.2) Axes
 - Level 5.4(5.1) Armour
 - Level 5.0(4.7) Dodging
 - Level 5.1(4.7) Evocations


You had 10 spell levels left.
You didn't know any spells.
Your spell library contained the following spells:

 Spells                   Type           Power        Failure   Level  Hunger
 Cause Fear               Hex            #.........   100%        4    #####..
 Slow                     Hex            #.......     99%         2    ###....
 Corona                   Hex            #......      98%         1    ##.....
 Portal Projectile        Hex/Tloc       #.....       100%        3    ####...
 Leda's Liquefaction      Hex/Erth       #.........   100%        4    #####..
 Inner Flame              Hex/Fire       #.......     100%        3    ####...


Dungeon Overview and Level Annotations

Branches:
Dungeon (11/15)            Temple (0/1) D:4            Lair (1/6) D:8
    Orc (0/2) D:9

Altars:
Ashenzari
Cheibriados
Dithmenos
Kikubaaqudgha
Nemelex Xobeh
Okawaru
Qazlal
Ru
Uskayaw
Xom
Zin
The Shining One

Shops:
D:5 =   D:8 [

Annotations:
D:2 1 runed door


Innate Abilities, Weirdness & Mutations

You reflexively headbutt those who attack you in melee.
You have a pair of horns on your head.


Message History

You cut the vampire mosquito into ribbons!!!
You destroy the vampire mosquito!
The vampire mosquito's corpse disappears in a puff of smoke!
The vampire mosquito bites you but does no damage.
The worldbinder calls forth creatures from the Swamp!
The vampire mosquito bites you.
The vampire mosquito draws strength from your injuries!
You slice the worldbinder!!
You destroy the worldbinder!
Trog accepts your kill.
The swamp drake disappears in a puff of smoke!
The vampire mosquito disappears in a puff of smoke! x3
You feel a strong urge to attack something.
You feel your anger nearly subside.
You are no longer berserk.
You are exhausted.
You feel yourself slow down.
An ancient zyme comes into view.
The ancient zyme moves out of view.
You closely miss the small abomination.
You feel yourself growing ill in the presence of the ancient zyme.
The small abomination closely misses you.
You slice the small abomination!!
You destroy the small abomination!
Trog accepts your kill.
You hit the flying skull but do no damage.
The flying skull hits you. The flying skull closely misses you.
You furiously retaliate!
You headbutt the flying skull.
The flying skull hits you but does no damage.
You miss the flying skull.
The flying skull is lightly damaged.
The flying skull hits you!
The flying skull hits you but does no damage.
You miss the flying skull.
The flying skull is lightly damaged.
The flying skull hits you but does no damage.
You feel ill. The flying skull misses you. You furiously retaliate!
You headbutt the flying skull, but do no damage.
An ancient zyme comes into view.
You slice the flying skull!!
You destroy the flying skull!
Trog accepts your kill.
The ancient zyme hits you but does no damage. x2
You feel ill.
You slice the ancient zyme!!
The ancient zyme is heavily damaged.
The ancient zyme hits you but does no damage. x2
You feel ill.
You slice the ancient zyme!! You headbutt the ancient zyme.
The ancient zyme is almost destroyed.
The ancient zyme hits you but does no damage.
The ancient zyme closely misses you.
You hit the ancient zyme.
You destroy the ancient zyme!
Trog accepts your kill.
You feel ill.
You hit the ancient zyme but do no damage.
You headbutt the ancient zyme!
The ancient zyme is moderately damaged.
You feel ill.
You feel ill.
You slice the ancient zyme!!
The ancient zyme is heavily damaged.
The ancient zyme hits you but does no damage.
The ancient zyme hits you.
You feel ill.
You hit the ancient zyme but do no damage.
Your headbutt misses the ancient zyme.
The ancient zyme is heavily damaged.
The ancient zyme hits you! x2
You slash the ancient zyme!
You headbutt the ancient zyme, but do no damage.
The ancient zyme is severely damaged.
The ancient zyme barely misses you.
The ancient zyme hits you but does no damage.
You slash the ancient zyme! You headbutt the ancient zyme.
The ancient zyme is almost destroyed.
The ancient zyme hits you. The ancient zyme completely misses you.
Your chain mail of Trial and Error prevents you from hitting the ancient zyme.
You headbutt the ancient zyme, but do no damage.
The ancient zyme is almost destroyed.
The ancient zyme barely misses you.
The ancient zyme hits you but does no damage.
You slash the ancient zyme! Your headbutt misses the ancient zyme.
The ancient zyme is almost destroyed.
A balrug comes into view.
It is wielding a demon whip of draining.
The ancient zyme hits you! The ancient zyme closely misses you.
The ancient zyme hits you but does no damage.
The ancient zyme misses you.
You hit the ancient zyme but do no damage.
The ancient zyme is almost destroyed.
The ancient zyme hits you but does no damage. x2
You feel ill.
As you read the scroll of teleportation, it crumbles to dust.
You feel strangely unstable.
You feel the power of the Abyss delaying your translocation!
The balrug hits you with a demon whip of draining!
You are engulfed in flames!!!
The fire burns you terribly!
* * * LOW HITPOINT WARNING * * *
You feel drained.
You die...

# #.#. . ##....
#.. #..# . #.# .
##...# .##. ## .
#.## § .#..##
#...###.##.#
.... §.....###
#..#..#.#
...#.#.
...#.#.x#2......
#..##....#@§.#
##
...#.#####.###.#
..#...### ..#...
.....#...#
...#.# ...
....## .[.... #
#..### (..#.. #
. ..##... # .#
.## ..


You could see a balrug and an ancient zyme.

Vanquished Creatures
  2 two-headed ogres
  A worldbinder (Abyss:2)
  2 ugly things (D:11)
  A gargoyle (D:11)
  A komodo dragon (D:8)
  An efreet (D:11)
  2 ancient zymes (Abyss:2)
  2 trolls (D:9)
  Prince Ribbit (D:8)
  The ghost of Gildeon the Caller, an amateur DgSu (D:7)
  A hippogriff (D:9)
  Sigmund (D:3)
  A flying skull (Abyss:2)
  A small abomination (Abyss:2)
  4 hogs (D:7)
  A wyvern (D:8)
  A human (D:7)
  A steam dragon (D:8)
  A hungry ghost (D:11)
  6 orc warriors
  3 black bears
  An ice beast (D:8)
  3 sky beasts
  A phantom (D:9)
  2 necrophages
  10 centaurs
  7 ogres
  5 crocodiles
  A big kobold (D:11)
  8 bullfrogs
  A wyvern zombie (D:11)
  A scorpion (D:7)
  17 killer bees
  3 wights (D:9)
  6 howler monkeys
  4 crimson imps
  A bullfrog zombie (D:8)
  3 jellies
  A quasit (D:10)
  4 orc priests
  A bullfrog skeleton (D:6)
  2 centaur skeletons
  7 hounds
  24 orc wizards
  Jessica (D:2)
  2 iguanas
  Ijyb (D:3)
  Natasha (thrice) (D:2)
  Terence (D:3)
  7 worker ants
  A hound zombie (D:10)
  3 hound skeletons
  A worker ant zombie (D:9)
  3 gnolls
  6 adders
  2 shadow imps
  An ooze (D:2)
  An adder zombie (D:7)
  5 leopard geckos
  38 orcs
  8 giant cockroaches
  11 goblins
  8 hobgoblins
  14 jackals
  4 quokkas
  4 ball pythons
  13 bats
  5 frilled lizards
  12 kobolds
  5 rats
308 creatures vanquished.

Vanquished Creatures (collateral kills)
  A queen bee (D:9)
  3 killer bees (D:9)
4 creatures vanquished.

Grand Total: 312 creatures vanquished

Notes
Turn   | Place    | Note
-------+----------+-------------------------------------------
     0 | D:1      | Mgcat the Minotaur Berserker began the quest for the Orb.
     0 | D:1      | Reached XP level 1. HP: 19/19 MP: 0/0
    99 | D:1      | Reached skill level 4 in Axes
   263 | D:1      | Reached XP level 2. HP: 24/26 MP: 1/1
   473 | D:1      | Reached skill level 5 in Axes
   504 | D:1      | Reached XP level 3. HP: 28/31 MP: 2/2
   786 | D:2      | Noticed Natasha
   799 | D:2      | Killed Natasha
   902 | D:2      | Reached ** piety under Trog
  1028 | D:2      | Noticed a centaur
  1041 | D:2      | Killed a centaur
  1041 | D:2      | Reached skill level 7 in Axes
  1041 | D:2      | Reached XP level 4. HP: 36/39 MP: 3/3
  1041 | D:2      | Reached XP level 5. HP: 41/45 MP: 4/4
  1100 | D:2      | Found a faded altar of an unknown god.
  1134 | D:2      | Noticed Natasha
  1137 | D:2      | Noticed Jessica
  1145 | D:2      | Killed Natasha
  1159 | D:2      | Killed Jessica
  1159 | D:2      | Reached skill level 8 in Axes
  1371 | D:2      | Noticed Natasha
  1376 | D:2      | Killed Natasha
  1376 | D:2      | Reached XP level 6. HP: 47/51 MP: 5/5
  1527 | D:2      | Found an iron altar of Okawaru.
  1547 | D:2      | Found a runed door.
  1951 | D:3      | Noticed Ijyb
  1965 | D:3      | Killed Ijyb
  2083 | D:3      | Noticed Terence
  2090 | D:3      | Killed Terence
  2106 | D:3      | Reached *** piety under Trog
  2155 | D:3      | Found a sacrificial altar of Ru.
  2168 | D:3      | Noticed Sigmund
  2180 | D:3      | Killed Sigmund
  2180 | D:3      | Reached skill level 9 in Axes
  2180 | D:3      | Reached XP level 7. HP: 57/57 MP: 6/6
  2368 | D:3      | Found a glowing silver altar of Zin.
  2427 | D:3      | Found a glowing golden altar of the Shining One.
  2467 | D:3      | You fall through a shaft for 2 floors!
  2467 | D:5      | Entered Level 5 of the Dungeon
  2549 | D:5      | Reached skill level 10 in Axes
  2772 | D:5      | Got a slimy falchion
  2773 | D:5      | Identified the +4 falchion "Vetompipp" {freeze, +Rage Int+4} (You found it on level 5 of the Dungeon)
  3096 | D:4      | Found a stormy altar of Qazlal.
  3132 | D:4      | Found a staircase to the Ecumenical Temple.
  3559 | D:4      | Found an ancient bone altar of Kikubaaqudgha.
  3564 | D:4      | Reached skill level 11 in Axes
  3922 | D:5      | Found a shadowy altar of Dithmenos.
  3991 | D:5      | Found Toaxoada's Jewellery Shoppe.
  4000 | D:5      | Found a hide-covered altar of Uskayaw.
  4001 | D:5      | Noticed a dagger
  4001 | D:5      | Noticed a hand axe
  4304 | D:6      | Reached XP level 8. HP: 61/64 MP: 7/7
  4381 | D:6      | Reached skill level 12 in Axes
  4435 | D:6      | Got a distressingly furry chain mail
  4464 | D:6      | Identified the +4 chain mail of Trial and Error {Regen+ Dex+5} (You found it on level 6 of the Dungeon)
  4541 | D:6      | Reached **** piety under Trog
  4610 | D:6      | Reached skill level 13 in Axes
  5037 | D:7      | Found a shimmering altar of Xom.
  5129 | D:7      | Reached XP level 9. HP: 62/70 MP: 8/8
  5288 | D:7      | Noticed Gildeon's ghost (amateur DgSu)
  5296 | D:7      | Reached skill level 14 in Axes
  5303 | D:7      | Killed Gildeon's ghost
  5303 | D:7      | Reached skill level 4 in Fighting
  5310 | D:7      | Reached skill level 5 in Fighting
  5451 | D:7      | Reached skill level 3 in Armour
  5581 | D:7      | Reached skill level 4 in Armour
  5582 | D:7      | Reached skill level 5 in Armour
  5584 | D:7      | Reached skill level 3 in Dodging
  5587 | D:7      | Reached skill level 4 in Dodging
  5722 | D:8      | Reached skill level 5 in Dodging
  5748 | D:8      | Reached skill level 1 in Evocations
  5764 | D:8      | Found Wotanwue's Armour Shoppe.
  5769 | D:8      | Bought a +0 pair of gloves for 58 gold pieces
  5803 | D:8      | Reached skill level 2 in Evocations
  5821 | D:8      | Reached skill level 3 in Evocations
  5844 | D:8      | Noticed Prince Ribbit
  5849 | D:8      | Killed Prince Ribbit
  5849 | D:8      | Reached ***** piety under Trog
  5849 | D:8      | Reached XP level 10. HP: 81/81 MP: 11/11
  5921 | D:8      | Reached skill level 4 in Evocations
  5942 | D:8      | Found a shimmering altar of Xom.
  6247 | D:8      | Reached skill level 5 in Evocations
  6381 | D:8      | Received a gift from Trog
  6446 | D:8      | Found a staircase to the Lair.
  6685 | D:9      | Reached skill level 15 in Axes
  6708 | D:9      | Found a snail-covered altar of Cheibriados.
  6709 | D:9      | Found a shattered altar of Ashenzari.
  6795 | D:9      | HP: 20/81 [poisoned by a queen bee]
  6980 | D:9      | Noticed a two-headed ogre
  6986 | D:9      | Killed a two-headed ogre
  6986 | D:9      | Reached skill level 16 in Axes
  7117 | D:9      | Found a sparkling altar of Nemelex Xobeh.
  7233 | D:9      | Reached XP level 11. HP: 88/88 MP: 4/13
  7241 | D:9      | Found a staircase to the Orcish Mines.
  7557 | D:10     | Entered Level 10 of the Dungeon
  7812 | D:10     | Received a gift from Trog
  7814 | D:10     | Reached skill level 17 in Axes
  8653 | D:11     | Noticed a two-headed ogre
  8662 | D:11     | Killed a two-headed ogre
  8869 | D:11     | Found a portal to a secret trove of treasure.
  8917 | D:11     | Reached skill level 18 in Axes
  8996 | D:11     | Noticed a cyan ugly thing
  9002 | D:11     | Killed a cyan ugly thing
  9132 | D:11     | Noticed a red ugly thing
  9140 | D:11     | Killed a red ugly thing
  9635 | Lair:1   | Entered Level 1 of the Lair of Beasts
  9642 | Lair:1   | Found a dark tunnel.
  9651 | Volcano  | Entered a volcano
  9653 | Volcano  | Noticed a wizard
  9653 | Volcano  | Cast into level 2 of the Abyss (a wizard)
  9658 | Abyss:2  | Found a corrupted altar of Lugonu.
  9670 | Abyss:2  | Found a corrupted altar of Lugonu.
  9755 | Abyss:2  | Noticed a balrug
  9757 | Abyss:2  | HP: 2/87 [balrug/demon whip of draining (37)]
  9757 | Abyss:2  | Slain by a balrug

Vault maps used:
D:1:      evilmike_arrival_rings, minmay_misc_feat_nine_boxes
D:2:      kennysheep_okawaru_gauntlet, serial_corexii_hall,
          corexii_hall_statues_u, corexii_hall_statues_deadend, first_ration,
          chequers_ecumenical_altar_simple, uniq_natasha, uniq_jessica,
          uniq_crazy_yiuf_cottage
D:3:      nicolae_ru_awakened_eye, tso_oasis_becter, lemuel_doored_altar,
          uniq_sigmund, uniq_terence, uniq_ijyb
D:4:      kiku_gazebo_pond_becter, grunt_qazlal_sundering,
          minmay_temple_entry_crystal_x
D:5:      dancing_weapons_uskayaw, nicolae_dithmenos_shadow_blocks,
          serial_shops, shop, serial_park_tiny_2, wad_rectangle_vault
D:6:      minmay_flawed_box
D:7:      grunt_livestock, xom_teletrap_fun
D:8:      lemuel_round_altar, erik_lair_dragon, serial_shops,
          kennysheep_little_box, uniq_prince_ribbit1
D:9:      lemuel_crystal_altar, chequers_temple_overflow_statue_of_worship,
          david_orc_3, special_room
D:10:     centaur_isle
D:11:     nicolae_trove_entry_crossroad
Lair:1:   nicolae_volcano_entry_lava_flow, st_stairs_3,
          infiniplex_staircase_pool
Volcano:  volcano_bunker

Skill      XL: |  1  2  3  4  5  6  7  8  9 10 11 |
---------------+----------------------------------+-----
Axes           | 4 5 7 8 9 11 13 14 16 18 | 18.7
Fighting       | 5 |  5.3
Armour         | 5 |  5.4
Dodging        | 5 |  5.0
Evocations     | 3 5 |  5.1

Action                   |  1- 3 |  4- 6 |  7- 9 | 10-12 || total
-------------------------+-------+-------+-------+-------++-------
Melee: Hand axe          |    98 |   116 |    40 |       ||   254
       Headbutt          |    12 |    27 |    62 |    78 ||   179
       War axe           |       |       |   235 |    75 ||   310
       Falchion          |       |       |     5 |       ||     5
       Battleaxe         |       |       |       |   258 ||   258
Invok: Berserk           |     2 |     4 |     9 |     8 ||    23
       Trog's Hand       |       |     2 |       |     1 ||     3
       Brothers in Arms  |       |       |       |     1 ||     1
Evoke: Wand              |       |       |       |    20 ||    20
  Use: Scroll            |     2 |       |    16 |     5 ||    23
       Potion            |       |     3 |       |     2 ||     5
  Eat: Chunk             |     1 |     8 |    17 |    20 ||    46
       Ration            |       |       |     1 |     1 ||     2
Armor: Animal skin       |     5 |       |       |       ||     5
       Ring mail         |    14 |       |       |       ||    14
       Scale mail        |    11 |    68 |    58 |       ||   137
       Chain mail        |       |       |    53 |   188 ||   241
       Plate armour      |       |       |     9 |       ||     9
Dodge: Dodged            |    66 |    69 |   121 |   179 ||   435
       Rpst.: Falchion   |       |       |     1 |       ||     1

Table legend:
 A = Spawn XP
 B = Non-spawn XP
 C = Spawn XP percentage of total XP
 D = Spawn monster count
 E = Non-spawn monster count
 F = Spawn count percentage of total count
 G = Total turns spent on level
                    A         B        C        D         E        F      G
               +---------+---------+-------+---------+---------+-------+---------
         Total |    1183 |   18107 |   6.1 |       3 |     309 |   1.0 |  9757
               +---------+---------+-------+---------+---------+-------+---------
           D:1 |       0 |      43 |   0.0 |       0 |      25 |   0.0 |   778
           D:2 |       0 |     376 |   0.0 |       0 |      42 |   0.0 |  1159
           D:3 |       0 |     348 |   0.0 |       0 |      20 |   0.0 |   910
           D:4 |       0 |     194 |   0.0 |       0 |       5 |   0.0 |   695
           D:5 |       0 |     444 |   0.0 |       0 |      24 |   0.0 |   755
           D:6 |       0 |    1023 |   0.0 |       0 |      25 |   0.0 |   541
           D:7 |       0 |    2180 |   0.0 |       0 |      25 |   0.0 |   880
           D:8 |       0 |    3163 |   0.0 |       0 |      46 |   0.0 |  1106
           D:9 |       0 |    3929 |   0.0 |       0 |      39 |   0.0 |   891
          D:10 |       0 |    1930 |   0.0 |       0 |      30 |   0.0 |   942
          D:11 |       0 |    4029 |   0.0 |       0 |      26 |   0.0 |   978
       Abyss:2 |    1183 |     448 |  72.5 |       3 |       2 |  60.0 |   104
               +---------+---------+-------+---------+---------+-------+---------

Vault maps used:
D:1:      evilmike_arrival_rings, minmay_misc_feat_nine_boxes
D:2:      kennysheep_okawaru_gauntlet, serial_corexii_hall,
          corexii_hall_statues_u, corexii_hall_statues_deadend, first_ration,
          chequers_ecumenical_altar_simple, uniq_natasha, uniq_jessica,
          uniq_crazy_yiuf_cottage
D:3:      nicolae_ru_awakened_eye, tso_oasis_becter, lemuel_doored_altar,
          uniq_sigmund, uniq_terence, uniq_ijyb
D:4:      kiku_gazebo_pond_becter, grunt_qazlal_sundering,
          minmay_temple_entry_crystal_x
D:5:      dancing_weapons_uskayaw, nicolae_dithmenos_shadow_blocks,
          serial_shops, shop, serial_park_tiny_2, wad_rectangle_vault
D:6:      minmay_flawed_box
D:7:      grunt_livestock, xom_teletrap_fun
D:8:      lemuel_round_altar, erik_lair_dragon, serial_shops,
          kennysheep_little_box, uniq_prince_ribbit1
D:9:      lemuel_crystal_altar, chequers_temple_overflow_statue_of_worship,
          david_orc_3, special_room
D:10:     centaur_isle
D:11:     nicolae_trove_entry_crossroad
Lair:1:   nicolae_volcano_entry_lava_flow, st_stairs_3,
          infiniplex_staircase_pool
Volcano:  volcano_bunker

Table legend:
 A = Turns spent in this place as a percentage of turns spent in the entire game.
 B = Non-inter-level travel turns spent in this place as a percentage of non-inter-level travel turns spent in the entire game.
 C = Inter-level travel turns spent in this place as a percentage of turns spent in this place.
 D = Turns resting spent in this place as a percentage of non-inter-level travel turns spent in this place.
 E = Turns spent auto-exploring this place as a percentage of non-inter-level travel turns spent in this place.
 F = Non-inter-level travel turns spent in this place divided by the number of levels of this place that you've seen.
                   A       B       C       D       E      F
               +-------+-------+-------+-------+-------+----------------------
         Total | 100.0 | 100.0 |   5.6 |   8.1 |  71.4 | 658.2
       Dungeon |  98.7 |  98.7 |   5.6 |   8.2 |  71.8 | 826.7
          Lair |   0.2 |   0.2 |   6.2 |   0.0 |   0.0 |  15.0
         Abyss |   1.1 |   1.1 |   0.0 |   0.0 |  45.2 | 104.0
       Volcano |   0.0 |   0.0 |   0.0 |   0.0 |  50.0 |   2.0
               +-------+-------+-------+-------+-------+----------------------

Table legend:
 A = Kills in this place as a percentage of kills in entire the game.
 B = Kills by you in this place as a percentage of kills by you in the entire game.
 C = Kills by friends in this place as a percentage of kills by friends in the entire game.
 D = Other kills in this place as a percentage of other kills in the entire game.
 E = Experience gained in this place as a percentage of experience gained in the entire game.
 F = Experience gained in this place divided by the number of levels of this place that you have seen.
                   A       B       C       D       E      F
               +-------+-------+-------+-------+-------+----------------------
         Total | 100.0 | 100.0 | 100.0 |   N/A | 100.0 | 1377.9
       Dungeon |  98.4 |  98.4 | 100.0 |   N/A |  91.5 | 1605.4
         Abyss |   1.6 |   1.6 |   0.0 |   N/A |   8.5 | 1631.0
               +-------+-------+-------+-------+-------+----------------------
